 Dungeon Crawl Stone Soup version 0.31.0-32-g396128a36d (webtiles) character file.

Game seed: 8514638991200784321

13943 Peloso the Carver (level 11, -1/99 HPs)
             Began as a Minotaur Fighter on Apr 9, 2024.
             Was a High Priest of Okawaru.
             Incinerated by a deep elf pyromancer (14 damage)
             ... with a pyre arrow
             ... on level 11 of the Dungeon.
             The game lasted 00:20:46 (12955 turns).

Peloso the Carver (Minotaur Fighter)               Turns: 12955, Time: 00:20:46

Health: -1/99      AC: 15    Str: 20    XL:     11   Next: 82%
Magic:  10/10      EV:  9    Int:  5    God:    Okawaru [*****.]
Gold:   669        SH:  7    Dex: 21    Spells: 10/10 levels left

rFire   . . .        b - +0 scimitar
rCold   + . .        c - +0 buckler
rNeg    . . .        B - +0 plate armour {rC+}
rPois   .            (helmet restricted)
rElec   .            (no cloak)
rCorr   .            o - +0 pair of gloves
SInv    +            (no boots)
Will    .....        (no amulet) Stlth
                     h - +6 ring of dexterity
HPRegen 0.36/turn    F - ring of see invisible
MPRegen 0.12/turn

%: no passive effects
@: on fire, glowing
A: horns 2, retaliatory headbutt
a: Renounce Religion, Heroism, Finesse, Duel


You were on level 11 of the Dungeon.
You worshipped Okawaru.
Okawaru was extremely pleased with you.
You visited 2 branches of the dungeon, and saw 13 of its levels.

You collected 669 gold pieces.

Inventory:

Hand Weapons
 a - a +0 long sword
 b - a +0 scimitar (weapon)
Missiles
 q - 2 throwing nets (quivered)
Armour
 c - a +0 buckler (worn)
 o - a +0 pair of gloves (worn)
 B - a +0 plate armour of cold resistance (worn)
Jewellery
 g - a +5 ring of evasion
 h - a +6 ring of dexterity (left hand)
 x - a ring of protection from cold
 F - a ring of see invisible (right hand)
 G - a ring of ice
Talismans
 D - a blade talisman
Wands
 w - a wand of flame (8)
 A - a wand of paralysis (7)
 C - a wand of mindburst (16)
 E - a wand of roots (5)
 L - a wand of polymorph (2)
Scrolls
 f - a scroll of enchant weapon
 i - a scroll of brand weapon
 k - 2 scrolls of blinking
 m - a scroll of fear
 s - a scroll of amnesia
 v - 3 scrolls of enchant armour {unknown}
 y - 3 scrolls of teleportation
 J - a scroll of revelation
 K - a scroll of summoning
 N - a scroll of acquirement
Potions
 d - 3 potions of might
 e - 2 potions of magic {unknown}
 j - 4 potions of heal wounds
 l - a potion of ambrosia
 n - 5 potions of brilliance
 p - a potion of mutation
 r - 4 potions of curing
 t - a potion of attraction {unknown}
 u - 2 potions of enlightenment {unknown}
 z - a potion of degeneration {unknown}
 O - a potion of lignification {unknown}
 P - a potion of haste {unknown}
Miscellaneous
 M - a lightning rod (4/4)


   Skills:
 + Level 9.9 Fighting
 + Level 14.3 Long Blades
 + Level 9.8 Armour
 + Level 6.5 Dodging
 + Level 5.1 Stealth
 + Level 8.4 Shields
 + Level 1.1 Invocations
 + Level 0.6 Evocations


You had 10 spell levels left.
You didn't know any spells.
Your spell library contained the following spells:

 Spells                   Type           Power      Damage    Failure   Level
 Slow                     Hex            0%         N/A       100%        1
 Ensorcelled Hibernation  Hex/Ice        0%         N/A       100%        2
 Confusing Touch          Hex            0%         N/A       100%        3
 Fugue of the Fallen      Necr           0%         N/A       100%        3
 Ozocubu's Armour         Ice            0%         N/A       100%        3
 Sigil of Binding         Hex            0%         N/A       100%        3
 Vampiric Draining        Necr           0%         2d6       100%        3
 Anguish                  Hex/Necr       0%         N/A       100%        4
 Cause Fear               Hex            0%         N/A       100%        4
 Manifold Assault         Tloc           0%         N/A       100%        4
 Enfeeble                 Hex            0%         N/A       100%        7


Dungeon Overview and Level Annotations

Branches:
Dungeon (12/15)            Temple (1/1) D:6            Lair (0/5) D:11
    Orc (0/2) D:10

Altars:
Ashenzari
Cheibriados
Dithmenos
Elyvilon
Fedhas
Gozag
Hepliaklqana
Kikubaaqudgha
Makhleb
Nemelex Xobeh
Okawaru
Qazlal
Ru
Sif Muna
Trog
Uskayaw
Vehumet
Wu Jian
Xom
Yredelemnul
Zin
The Shining One

Shops:
D:6 [


Innate Abilities, Weirdness & Mutations

You have a pair of horns on your head.
You reflexively headbutt those who attack you in melee.


Message History

The gargoyle is moderately damaged.
The liquid fire burns you! The gargoyle hits you with a +0 flail.
You barely miss the gargoyle.
The gargoyle is moderately damaged.
The liquid fire burns you!
You hit the gargoyle but do no damage. Your headbutt misses the gargoyle.
The gargoyle is moderately damaged.
The liquid fire burns you!
The gargoyle hurls a stone arrow at you.
You block the stone arrow.
You hit the gargoyle but do no damage. You headbutt the gargoyle.
The gargoyle is heavily damaged.
The liquid fire burns you! The gargoyle closely misses you.
You hit the gargoyle.
The gargoyle is severely damaged.
The liquid fire burns you!
You barely miss the gargoyle.
The gargoyle is severely damaged.
The liquid fire burns you!
* * * LOW HITPOINT WARNING * * *
The gargoyle closely misses you.
You hit the gargoyle.
The gargoyle is severely damaged.
The liquid fire burns you!
* * * LOW HITPOINT WARNING * * *
The gargoyle hurls a stone arrow at you.
The stone arrow hits you!
* * * LOW HITPOINT WARNING * * *
You feel much better. The liquid fire burns you!
* * * LOW HITPOINT WARNING * * *
The gargoyle hits you with a +0 flail.
* * * LOW HITPOINT WARNING * * *
Unknown command.
You completely miss the gargoyle.
The gargoyle is severely damaged.
The liquid fire burns you!
You die...

....#....).....^#...[.......#
....#.#...#######...........#
....#.#..............♣......#
....#.#...########...♣♣.....#
#####.#.....### #...♣♣.....#
#####.#..##...# ##....♣.....#
......#..####.###...........#
####...######.##............#
#...........9@#.(..♣♣....#
####.........###.#..........#
...#..♣♣.....###.#..........#
...#..♣♣♣.............#...###
...#.♣♣ ♣.............#...#
.♣.#.♣♣♣♣.............#...#
♣♣.'........####......#...#
♣.#...#....# #..♣♣..#...#
♣♣.#...#....# #...♣..#####


You could see a gargoyle.

Vanquished Creatures
  Josephine (D:10)
  A boulder beetle (D:11)
  Nergalle (D:11)
  An ugly thing (D:11)
  A cyclops (D:11)
  3 unseen horrors
  Jeremiah (D:8)
  A kobold demonologist (D:10)
  4 trolls (D:11)
  3 slime creatures (D:9)
  A shadow (D:10)
  5 wraiths (D:10)
  2 wyverns
  11 yaks
  Eustachio (D:6)
  2 steam dragons
  3 vampire mosquitoes (D:11)
  An acid dragon (D:10)
  2 water moccasins
  4 orc warriors
  4 ice beasts
  2 black bears (D:4)
  2 sky beasts
  A wolf (D:11)
  A phantom (D:4)
  9 kobold brigands
  Blork the orc (D:4)
  3 scorpions
  4 bullfrogs
  11 wights
  A troll skeleton (D:10)
  8 howler monkeys
  3 electric eels (D:11)
  5 spriggan skeletons (D:10)
  10 hounds
  A jelly (D:5)
  2 bombardier beetles
  A gnoll bouda (D:3)
  5 orc priests
  A sleepcap (D:7)
  3 iguanas (D:5)
  7 orc wizards
  11 adders
  24 gnolls
  2 shadow imps
  A white imp (D:6)
  6 dart slugs
  2 ribbon worms
  40 orcs
  6 endoplasms
  3 giant cockroaches
  7 goblins
  11 hobgoblins
  14 jackals
  5 quokkas
  7 ball pythons
  2 bats
  3 frilled lizards
  29 kobolds
  3 rats
310 creatures vanquished.

Notes
Turn   | Place    | Note
-------+----------+-------------------------------------------
     0 | D:1      | Peloso the Minotaur Fighter began the quest for the Orb.
     0 | D:1      | Reached XP level 1. HP: 19/19 MP: 0/0
   176 | D:1      | Reached XP level 2. HP: 25/27 MP: 1/1
   683 | D:1      | Reached skill level 3 in Long Blades
   689 | D:1      | Reached XP level 3. HP: 29/33 MP: 2/2
   922 | D:1      | HP: 1/33 [frozen (5)]
  1067 | D:2      | Identified the +5 leather armour "Ceix" {rPois rC+}
  1223 | D:2      | Found a faded altar of an unknown god.
  1262 | D:2      | Reached skill level 1 in Dodging
  1336 | D:2      | Reached XP level 4. HP: 40/40 MP: 3/3
  1487 | D:2      | Reached skill level 4 in Long Blades
  1738 | D:3      | Noticed a scorpion
  1742 | D:3      | Killed a scorpion
  1743 | D:3      | Reached XP level 5. HP: 40/46 MP: 4/4
  1921 | D:3      | Reached skill level 1 in Stealth
  2025 | D:3      | Reached skill level 5 in Long Blades
  2183 | D:3      | Reached XP level 6. HP: 39/53 MP: 5/5
  2327 | D:4      | Reached skill level 5 in Shields
  2467 | D:4      | Identified the +3 robe of Sharp Beauty {^Contam rC++}
  2506 | D:4      | Reached XP level 7. HP: 42/60 MP: 6/6
  2516 | D:4      | Reached skill level 6 in Long Blades
  2760 | D:4      | Noticed Blork the orc
  2770 | D:4      | Killed Blork the orc
  2858 | D:4      | Reached skill level 5 in Fighting
  2952 | D:4      | Found an iron altar of Okawaru.
  2983 | D:4      | Became a worshipper of Warmaster Okawaru
  3787 | D:5      | Entered Level 5 of the Dungeon
  3798 | D:5      | Reached skill level 7 in Long Blades
  3826 | D:5      | Reached XP level 8. HP: 68/68 MP: 7/7
  3936 | D:5      | You fall into a shaft and drop 1 floor!
  3942 | D:6      | Noticed Eustachio
  4127 | D:5      | Reached * piety under Okawaru
  4329 | D:5      | Found a broken altar of Ashenzari.
  5192 | D:6      | Reached skill level 8 in Long Blades
  5197 | D:6      | Found a staircase to the Ecumenical Temple.
  5205 | D:6      | Reached skill level 5 in Armour
  5221 | Temple   | Entered the Ecumenical Temple
  5479 | D:6      | Found Hoifep's Antique Armour Boutique.
  5491 | D:6      | Killed Eustachio
  5607 | D:6      | Reached ** piety under Okawaru
  5608 | D:6      | Reached skill level 9 in Long Blades
  5608 | D:6      | Reached XP level 9. HP: 72/75 MP: 8/8
  5945 | D:3      | Reached skill level 5 in Dodging
  6528 | D:7      | Found a sparkling altar of Nemelex Xobeh.
  6556 | D:7      | Reached skill level 10 in Long Blades
  6921 | D:7      | Found a sacrificial altar of Ru.
  7188 | D:7      | Found an ancient bone altar of Kikubaaqudgha.
  7188 | D:7      | Found a snail-covered altar of Cheibriados.
  7194 | D:7      | Found a bloodstained altar of Trog.
  7196 | D:7      | Found a stormy altar of Qazlal.
  7198 | D:7      | Found a faded altar of an unknown god.
  7409 | D:8      | Reached *** piety under Okawaru
  7414 | D:8      | Noticed Jeremiah
  7536 | D:8      | Killed Jeremiah
  7537 | D:8      | Reached skill level 11 in Long Blades
  7537 | D:8      | Reached XP level 10. HP: 79/86 MP: 9/9
  8583 | D:9      | Found a shimmering blue altar of Sif Muna.
  8583 | D:9      | Found a shadowy altar of Dithmenos.
  8587 | D:9      | Found a glowing golden altar of the Shining One.
  8593 | D:9      | Found an opulent altar of Gozag.
  9421 | D:9      | Reached **** piety under Okawaru
  9502 | D:9      | Reached skill level 12 in Long Blades
  9856 | D:10     | Entered Level 10 of the Dungeon
 10094 | D:10     | Reached ***** piety under Okawaru
 10108 | D:10     | Reached skill level 13 in Long Blades
 10619 | D:10     | Noticed Josephine
 10630 | D:10     | Killed Josephine
 10630 | D:10     | Received a gift from Okawaru
 10631 | D:10     | Reached XP level 11. HP: 95/95 MP: 7/10
 10650 | D:10     | Reached skill level 1 in Invocations
 10806 | D:10     | Found a staircase to the Orcish Mines.
 11299 | D:11     | Found a staircase to the Lair.
 11749 | D:11     | Noticed a boulder beetle
 11785 | D:11     | Killed a boulder beetle
 12015 | D:11     | Noticed Nergalle
 12036 | D:11     | Killed Nergalle
 12037 | D:11     | Reached skill level 14 in Long Blades
 12272 | D:11     | Reached skill level 5 in Stealth
 12813 | D:11     | Identified a scroll of acquirement
 12831 | D:12     | Noticed a green ugly thing
 12833 | D:12     | Noticed a deep elf pyromancer
 12842 | D:11     | Killed a green ugly thing
 12842 | D:11     | Received a gift from Okawaru
 12940 | D:12     | Noticed a deep elf pyromancer
 12955 | D:11     | Incinerated by a deep elf pyromancer

Illustrated notes

Levels and vault maps discovered:
D:1:      pf_arrival_petrified_forest, layout_basic
D:2:      layout_basic, basic_ecumenical_altar, minmay_circle_x
D:3:      lemuel_castle_with_subvaults [lemuel_castle_interior_carwin_3],
          layout_basic
D:4:      layout_layer_cave, mainiacjoe_overflow_concentric_impassable,
          uniq_blork_the_orc
D:5:      layout_basic, evilmike_ruin_ashenzari, serial_corexii_hall,
          corexii_hall_statues_s, corexii_hall_statues_l,
          corexii_hall_statues_i, corexii_hall_statues_i, serial_bayou_lagoon_a,
          grunt_decor_one_mirror, kennysheep_generic_room_4
D:6:      layout_basic, minmay_temple_entry_stoned_glass, serial_shops, shop,
          uniq_eustachio
D:7:      layout_basic, nemelex_altar_shiori, lemuel_coloured_pillars_altar,
          chequers_temple_overflow_minitemple
D:8:      layout_rooms, uniq_jeremiah
D:9:      layout_layer_cave, nicolae_overflow_macrodata_refinement
D:10:     layout_roguey, orc_0_dummy, fungi_pond_lemuel,
          kennysheep_small_spiral, hangedman_tell_no_tales, uniq_josephine
D:11:     layout_basic, erik_lair_island, uniq_nergalle
D:12:     layout_loops_cross, nicolae_zig_zag_zippers
Temple:   compressed_dpeg_circular_temple

Skill      XL: |  1  2  3  4  5  6  7  8  9 10 11 |
---------------+----------------------------------+-----
Shields        | 4 5 6 7 8 |  8.4
Armour         | 4 5 7 9 |  9.8
Long Blades    | 3 4 5 7 9 11 13 14 | 14.3
Dodging        | 1 2 3 4 6 |  6.5
Fighting       | 4 5 6 7 8 9 |  9.9
Stealth        | 1 2 3 4 5 |  5.1
Invocations    | 1 |  1.1
Evocations     | |  0.6

Action                     |  1- 3 |  4- 6 |  7- 9 | 10-12 || total
---------------------------+-------+-------+-------+-------++-------
  Melee: Long sword        |    79 |   121 |   335 |       ||   535
         Headbutt          |     6 |    22 |    72 |    89 ||   189
         Scimitar          |       |       |     7 |   399 ||   406
 Invoke: Heroism           |       |       |       |     3 ||     3
  Evoke: Wand              |       |       |       |     6 ||     6
    Use: Scroll            |     1 |     2 |     6 |     6 ||    15
         Potion            |       |       |       |     3 ||     3
   Stab: Sleeping          |     1 |     3 |     9 |       ||    13
         Distracted        |       |     1 |     1 |       ||     2
         Paralysed         |       |       |       |     6 ||     6
 Armour: Scale mail        |    60 |       |       |       ||    60
         Leather armour    |     2 |   105 |   175 |       ||   282
         Plate armour      |       |       |     2 |   324 ||   326
  Dodge: Dodged            |    62 |    91 |   225 |   120 ||   498
  Block: Buckler           |    29 |    62 |   101 |   115 ||   307
